 Dungeon Crawl Stone Soup version 0.30-a0-737-gf23d94013f (webtiles) character file.

Game seed: 4418207768545291293

6860 hikkokomori the Slicer (level 11, -1/71 HPs)
             Began as a Kobold Brigand on Feb 2, 2023.
             Was an Elder of Okawaru.
             Slain by an orc warlord
             ... wielding a +9 battleaxe
              (39 damage)
             ... in a bailey.
             The game lasted 00:20:09 (9331 turns).

hikkokomori the Slicer (Kobold Brigand)             Turns: 9331, Time: 00:20:10

Health: -1/71      AC:  7    Str:  8    XL:     11   Next: 26%
Magic:  16/16      EV: 20    Int: 12    God:    Okawaru [****..]
Gold:   256        SH:  0    Dex: 22    Spells: 10/10 levels left

rFire   . . .      SeeInvis .    a - +3 dagger (spect)
rCold   . . .      Faith    .    (no shield)
rNeg    . . .      Spirit   .    b - +0 robe
rPois   +          Reflect  .    u - +0 hat
rElec   .          Harm     .    c - +0 cloak
rCorr   .          Rampage  .    (no gloves)
Will    .....                    (no boots)
Stlth   ++++++                   (no amulet)
HPRegen 0.31/turn                F - +4 ring of protection
MPRegen 0.15/turn                m - ring of poison resistance

@: no status effects
A: small, no large weapons, nightstalker 3
a: Renounce Religion, Heroism, Finesse


You were in a bailey.
You worshipped Okawaru.
Okawaru was greatly pleased with you.
You visited 1 branch of the dungeon, and saw 8 of its levels.
You also visited: Sewer, Ossuary and Bailey.

You collected 497 gold pieces.
You spent 241 gold pieces at shops.

Inventory:

Hand Weapons
 a - a +3 spectral dagger (weapon)
 t - a +0 falchion of holy wrath
 A - a +4 long sword
Missiles
 d - 20 poisoned darts
 e - 9 curare-tipped darts (quivered)
Armour
 b - a +0 robe (worn)
 c - a +0 cloak (worn)
 u - a +0 hat (worn)
Jewellery
 l - a ring of see invisible
 m - a ring of poison resistance (right hand)
 p - a ring of flight
 w - a ring of fire
 B - a ring of protection from cold
 C - a +6 ring of dexterity
 F - a +4 ring of protection (left hand)
 G - a ring of resist corrosion
 J - a ring of magical power
Scrolls
 h - 2 scrolls of vulnerability
 j - a scroll of teleportation
 v - a scroll of silence
 y - a scroll of enchant armour
 z - a scroll of enchant weapon
 E - 2 scrolls of poison
 H - 2 scrolls of fear {unknown}
 I - 2 scrolls of noise {unknown}
Potions
 f - 4 potions of curing
 g - 5 potions of degeneration
 i - 7 potions of mutation
 k - 2 potions of haste
 n - a potion of flight {unknown}
 o - a potion of resistance {unknown}
 q - a potion of invisibility {unknown}
 r - 3 potions of magic
 s - 2 potions of might {unknown}
 x - 2 potions of heal wounds {unknown}
 D - a potion of attraction {unknown}


   Skills:
 + Level 9.4 Fighting
 - Level 10.6 Short Blades
 - Level 6.7 Throwing
 + Level 6.8 Dodging
 + Level 10.0 Stealth
 + Level 7.1 Invocations


You had 10 spell levels left.
You didn't know any spells.
Your spell library contained the following spells:

 Spells                   Type           Power      Damage    Failure   Level
 Sandblast                Erth           0%         2d4       32%         1
 Passwall                 Tmut/Erth      0%         N/A       45%         2
 Ignite Poison            Fire/Tmut/Pois 0%         N/A       69%         3
 Inner Flame              Hex/Fire       0%         N/A       69%         3
 Kindle Blastsparks       Fire/Tloc/Air  0%         2d10      69%         3
 Portal Projectile        Hex/Tloc       0%         N/A       69%         3
 Stone Arrow              Conj/Erth      0%         3d7       69%         3
 Cause Fear               Hex            0%         N/A       97%         4
 Blade Hands              Tmut           0%         N/A       100%        5
 Freezing Cloud           Conj/Ice/Air   0%         6-21      100%        5
 Discord                  Hex            0%         N/A       100%        8
 Summon Small Mammal      Summ           Unusable   N/A       N/A         1
 Call Canine Familiar     Summ           Unusable   N/A       N/A         3
 Summon Guardian Golem    Hex/Summ       Unusable   N/A       N/A         3
 Tukima's Dance           Hex            Unusable   N/A       N/A         3

Dungeon Overview and Level Annotations

Branches:
Dungeon (8/15)             Temple (0/1) D:4           Sewer (visited)
Ossuary (visited)          Bailey (1/1)
   Lair: D:8-11

Altars:
Ashenzari
Okawaru
Ru
Trog
Uskayaw
Vehumet

Shops:
D:2 (   D:5 ?   D:7 [

Annotations:
D:7 2 transporters


Innate Abilities, Weirdness & Mutations

You are small and have problems with some larger weapons.
You are completely attuned to the shadows.


Message History

The orc warlord roars a battlecry!
The orc warrior goes into a battle-frenzy!
The gnoll misses you.
The gnoll closely misses your +3 spectral dagger.
A goblin comes into view. It is wielding a +0 hand axe.
An orc warrior comes into view. It is wielding a +0 war axe.
The orc warrior barely misses your +3 spectral dagger.
The goblin barely misses your +3 spectral dagger.
Your Stealth skill increases to level 10!
You hit the gnoll.
The gnoll is moderately wounded.
Your +3 spectral dagger hits the gnoll.
You puncture the gnoll!
You kill the gnoll!
Okawaru accepts your kill. The gnoll hits you but does no damage.
A hobgoblin comes into view. It is wielding a +0 hand axe.
The hobgoblin shouts!
You hit the orc warrior but do no damage.
You hit the orc warrior but do no damage.
The goblin closely misses you. The gnoll hits you with a +0 hand axe.
An orc comes into view. It is wielding a +0 hand axe.
The orc warrior completely misses you.
You hit the orc warrior but do no damage.
You closely miss the orc warrior. The goblin closely misses you.
The gnoll hits you with a +0 hand axe.
The orc roars noisily.
You hit the orc warlord but do no damage.
You hit the orc warlord.
The orc warlord is lightly wounded.
The gnoll hits you with a +0 hand axe. The goblin closely misses you.
A goblin comes into view. It is wielding a +0 hand axe.
You hit the orc warlord but do no damage.
The orc warlord is lightly wounded.
You barely miss the orc warlord.
The orc warlord is lightly wounded.
The goblin completely misses you. The gnoll hits you with a +0 hand axe.
The orc warlord hits you with a +9 battleaxe!!!
Ouch! That really hurt!
You die...

.....###....
....).#).....
......'...........#
⌠.....#.....⌠.....#
......#...........#
......#).........)#
....)###.........#
# ...###
###.....#'#.## )###
###)###@o... ##
###goggg.. #
#8gogo... #
#8....... #
'g....⌠.. # # ##
)###


You could see an orc warlord, 2 orc warriors, a gnoll, an orc (strong), 2
hobgoblins and 4 goblins.

Vanquished Creatures
  A two-headed ogre (D:8)
  Joseph (D:8)
  A vampire (D:7)
  A wyvern (D:7)
  9 yaks
  A water moccasin (D:6)
  An ice beast (D:6)
  14 orc warriors
  2 black bears (D:4)
  An ogre (D:6)
  A centaur (D:8)
  2 phantoms
  2 elf zombies (D:4)
  3 bullfrogs
  4 necrophages
  7 scorpions
  2 elf skeletons (D:4)
  4 wights (D:7)
  A howler monkey (D:7)
  2 jellies (Sewer)
  2 hounds
  2 orc priests (D:7)
  3 iguanas
  A human skeleton (D:4)
  7 orc wizards
  A mummy (Ossuary)
  6 gnolls (Bailey)
  2 river rats
  21 adders
  A shadow imp (D:6)
  2 white imps
  An ufetubus (D:5)
  4 worms
  3 dart slugs
  31 orcs
  5 spectral bats (Ossuary)
  13 endoplasms
  4 giant cockroaches
  12 gnoll zombies (Ossuary)
  15 goblins
  14 hobgoblins
  4 jackals (D:4)
  6 kobolds
  4 quokkas
  6 ball pythons
  7 bats
  6 bat simulacra (Ossuary)
  7 frilled lizards
  2 goblin simulacra (Ossuary)
  8 goblin zombies (Ossuary)
  4 hobgoblin zombies (Ossuary)
  A kobold simulacrum (Ossuary)
  3 kobold zombies (Ossuary)
  An orc skeleton (D:4)
  3 orc zombies (Ossuary)
  7 rats
  7 rat simulacra (Ossuary)
  A spectral goblin (Ossuary)
  2 spectral kobolds (Ossuary)
  A spectral rat (Ossuary)
290 creatures vanquished.

Vanquished Creatures (others)
  A plant (D:7)
1 creature vanquished.

Grand Total: 291 creatures vanquished

Notes
Turn   | Place    | Note
-------+----------+-------------------------------------------
     0 | D:1      | hikkokomori the Kobold Brigand began the quest for the Orb.
     0 | D:1      | Reached XP level 1. HP: 12/12 MP: 1/1
    57 | D:1      | Reached XP level 2. HP: 6/18 MP: 2/2
   464 | D:1      | Reached XP level 3. HP: 22/22 MP: 3/3
  1128 | D:2      | Found Wuxigu's Weapon Shoppe.
  1233 | D:2      | Reached XP level 4. HP: 27/27 MP: 4/4
  1703 | D:3      | Found a faded altar of an unknown god.
  1986 | D:3      | Reached XP level 5. HP: 32/32 MP: 5/5
  2080 | D:3      | Found a sacrificial altar of Ru.
  2403 | D:4      | Reached XP level 6. HP: 37/37 MP: 6/6
  2487 | D:4      | Noticed a black bear
  2491 | D:4      | Killed a black bear
  2550 | D:4      | Reached skill level 5 in Short Blades
  2550 | D:4      | Reached XP level 7. HP: 37/43 MP: 7/7
  2691 | D:4      | Found a sand-covered staircase.
  2733 | Ossuary  | Entered an ossuary
  3225 | D:4      | Found a staircase to the Ecumenical Temple.
  3421 | D:4      | Reached skill level 5 in Dodging
  3421 | D:4      | Reached XP level 8. HP: 4/48 MP: 8/8
  3629 | D:4      | Reached skill level 5 in Fighting
  3821 | D:4      | Found an iron altar of Okawaru.
  3935 | D:4      | Became a worshipper of Warmaster Okawaru
  4181 | D:5      | Entered Level 5 of the Dungeon
  4630 | D:5      | Found Uzan's Magic Scroll Shoppe.
  4636 | D:5      | Bought a scroll of identify for 22 gold pieces
  4636 | D:5      | Bought a scroll of brand weapon for 104 gold pieces
  4636 | D:5      | Bought a scroll of teleportation for 33 gold pieces
  4636 | D:5      | Bought a scroll of enchant armour for 82 gold pieces
  5023 | D:5      | Reached * piety under Okawaru
  5447 | D:6      | Noticed a yak
  5447 | D:6      | Noticed a yak
  5447 | D:6      | Noticed a yak
  5447 | D:6      | Noticed a yak
  5492 | D:6      | Reached XP level 9. HP: 22/55 MP: 9/9
  5512 | D:6      | Reached skill level 1 in Invocations
  5567 | D:6      | Found a glowing drain.
  5574 | Sewer    | Entered a sewer
  5725 | Sewer    | Found a viscous altar of Jiyva.
  6703 | D:6      | Reached ** piety under Okawaru
  6810 | D:6      | Reached XP level 10. HP: 10/63 MP: 11/13
  7134 | D:7      | Reached skill level 5 in Throwing
  7183 | D:7      | Reached *** piety under Okawaru
  7314 | D:7      | Found Tecyavohi's Armour Boutique.
  7324 | D:7      | Found a radiant altar of Vehumet.
  7324 | D:7      | Found a bloodstained altar of Trog.
  7337 | D:7      | Reached skill level 5 in Invocations
  7572 | D:7      | Found a transporter.
  7826 | D:7      | Found a hide-covered altar of Uskayaw.
  7866 | D:7      | Found a broken altar of Ashenzari.
  8016 | D:7      | Found a transporter.
  8117 | D:8      | Noticed a two-headed ogre
  8134 | D:8      | Killed a two-headed ogre
  8135 | D:8      | Reached skill level 10 in Short Blades
  8137 | D:8      | Reached **** piety under Okawaru
  8260 | D:8      | Noticed Joseph
  8432 | D:8      | Found a flagged portal.
  8452 | D:8      | Killed Joseph
  8452 | D:8      | Received a gift from Okawaru
  8476 | D:8      | Reached XP level 11. HP: 65/69 MP: 15/15
  8646 | Bailey   | Entered a bailey
  9316 | Bailey   | Noticed an orc warlord
  9322 | Bailey   | Reached skill level 10 in Stealth
  9331 | Bailey   | Slain by an orc warlord

Illustrated notes

Levels and vault maps discovered:
D:1:      erik_arrival_orb_chamber, layout_basic, nicolae_titane
D:2:      layout_loops_ring, serial_shops, nicolae_shop_behind_doors
D:3:      layout_basic, mainiacjoe_overflow_surrounded_room,
          hellmonk_ecumenical_altar_blasted
D:4:      layout_loops_ring, okawaru_altar_gauntlet_db, temple_statues,
          nicolae_ossuary_entry_catacombs, minmay_misc_feat_tiny
D:5:      layout_basic, serial_shops, nicolae_lakefront_shop
D:6:      layout_layer_cave, lightli_sewer_entry_pipes,
          kennysheep_generic_room_15
D:7:      gammafunk_steamed_eel, layout_cave_pools,
          nicolae_overflow_crystal_walls, gammafunk_temple_overflow_forgotten,
          serial_shops, shop_fountains, dk_noncrumbling_3
D:8:      layout_layer_cave, nicolae_hepliaklqana_monster_ancestors,
          enter_bailey_3, uniq_joseph
Bailey:   bailey_axe_minmay_hex_keep, bailey

Skill      XL: |  1  2  3  4  5  6  7  8  9 10 11 |
---------------+----------------------------------+-----
Short Blades   | 3 4 5 7 9 10 | 10.6
Dodging        | 2 3 4 5 6 |  6.8
Stealth        | 6 7 8 9 10 | 10.0
Fighting       | 3 4 6 7 8 9 |  9.4
Invocations    | 4 6 7 |  7.1
Throwing       | 4 6 |  6.7

Action                     |  1- 3 |  4- 6 |  7- 9 | 10-12 || total
---------------------------+-------+-------+-------+-------++-------
  Melee: Dagger            |    80 |    82 |   486 |   244 ||   892
         Punch             |     1 |       |     7 |     3 ||    11
         Unarmed           |       |       |       |    24 ||    24
  Throw: Dart              |       |       |     4 |    10 ||    14
 Invoke: Heroism           |       |       |       |     1 ||     1
         Finesse           |       |       |       |     1 ||     1
    Use: Scroll            |     1 |     6 |     8 |     1 ||    16
         Potion            |       |       |       |     4 ||     4
   Stab: Sleeping          |    16 |    25 |    74 |    23 ||   138
         Distracted        |       |       |     2 |     5 ||     7
         Confused          |       |       |       |     3 ||     3
 Armour: Robe              |    11 |     9 |    47 |    12 ||    79
         Skin              |       |       |       |     3 ||     3
  Dodge: Dodged            |    40 |    36 |   271 |   144 ||   491

Table legend: (Time is in decaauts)
 A = Elapsed time spent in this place.
 B = Non-inter-level travel time spent in this place.
 C = Inter-level travel time spent in this place.
 D = Time resting spent in this place.
 E = Time spent auto-exploring this place.
 F = Levels seen in this place.
 G = Mean time per level.
                   A        B        C        D        E       F      G
               +--------+--------+--------+--------+--------+-----+--------+
         Total |   9075 |   8818 |    257 |    400 |   6485 |  11 |  825.0 |
       Dungeon |   7808 |   7551 |    257 |    400 |   5757 |   8 |  976.0 |
         Sewer |    217 |    217 |      0 |      0 |     69 |   1 |  217.0 |
       Ossuary |    444 |    444 |      0 |      0 |    222 |   1 |  444.0 |
        Bailey |    604 |    604 |      0 |      0 |    437 |   1 |  604.0 |
               +--------+--------+--------+--------+--------+-----+--------+

Top non-repeatable levels by time:
     D:6: 1782 daAuts
     D:4: 1344 daAuts
     D:7: 974 daAuts
     D:1: 919 daAuts
     D:5: 894 daAuts
     D:2: 729 daAuts
     D:3: 644 daAuts
  Bailey: 604 daAuts
     D:8: 517 daAuts
 Ossuary: 444 daAuts
   Sewer: 217 daAuts
